AoeStats
← Generation Kill

Black Forest

508409193Analyzed
4v4 RM · 11d ago on Sep 22, 2026· 43m 52s· 8 players
Game mode
Random Map
Map size
Large (8 player)
Population
200
Speed
Normal
Resources
Standard
Victory
Conquest
Starting age
Dark Age
Ending age
Imperial Age
RankedLock teamsTeams togetherTeam positionsShared explorationLock speedFull tech treeHidden civsTurbo modeCheats
Victory
Defeat
🇸🇪 Japanese · Sweden
1183
+14
🇪🇸 Persians · Spain
1178
+15
🇺🇸 Mongols · United States
1152
+16
🇧🇪 Magyars · Belgium
1140
+16
1194
-16
🇦🇺 Bohemians · Australia
1159
-16
🇺🇸 Wu · United States
1153
-16
🇨🇳 Mongols · China
1086
-13
sabin_schy
12:14 Feudal Age
12:40 Loom
13:56 Double-Bit Axe
16:21 Fletching
16:36 Scale Barding Armor
16:58 Bloodlines
18:00 Horse Collar
18:12 Fishing Lines
21:35 Stone Mining
24:08 Wheelbarrow
27:00 Castle Age
25:29 Gold Mining
27:54 Bow Saw
27:54 Heavy Plow
27:47 Gillnets
30:03 Hand Cart
31:26 Gold Shaft Mining
37:54 Imperial Age
36:19 Bodkin Arrow
36:45 Chain Barding Armor
37:27 Padded Archer Armor
37:49 Corvinian Army
37:55 Husbandry
39:04 Crop Rotation
38:17 Treadmill Crane
38:48 Masonry
38:33 Murder Holes
38:59 Ballistics
39:39 Chemistry
38:45 Siege Engineers
38:43 Bracer
38:58 Leather Archer Armor
39:19 Plate Barding Armor
39:51 Two-Man Saw
39:41 Conscription
40:09 Hoardings
40:58 Ring Archer Armor
40:43 Elite Magyar Huszar
41:26 Recurve Bow
Madness_longbow
0:27 Loom
17:56 Feudal Age
21:55 Castle Age
20:03 Double-Bit Axe
20:06 Horse Collar
23:03 Bow Saw
27:06 Wheelbarrow
30:56 Hand Cart
31:05 Gold Mining
31:06 Stone Mining
31:27 Heavy Plow
33:02 Fletching
37:15 Imperial Age
34:19 Elite Skirmisher
35:15 Bodkin Arrow
35:20 Padded Archer Armor
36:04 Gold Shaft Mining
36:53 Leather Archer Armor
37:26 Thumb Ring
38:30 Conscription
38:17 Bracer
38:38 Ballistics
39:18 Chemistry
38:57 Parthian Tactics
39:32 Capped Ram
40:06 Elite Mangudai
42:54 Drill
41:56 Siege Ram
Generation Kill
6:23 Loom
11:24 Feudal Age
16:24 Castle Age
14:55 Double-Bit Axe
15:01 Fishing Lines
17:11 Gold Mining
17:34 Bow Saw
19:14 Gold Shaft Mining
22:38 Gillnets
22:58 Stone Mining
25:59 Wheelbarrow
28:16 Imperial Age
26:13 Fletching
26:18 Town Watch
26:49 Bodkin Arrow
27:36 Hand Cart
27:49 Ballistics
29:09 Bracer
30:36 Chemistry
29:45 Siege Engineers
29:57 Padded Archer Armor
31:05 Bloodlines
30:56 Husbandry
31:20 Conscription
31:56 Parthian Tactics
32:15 Hoardings
32:17 Leather Archer Armor
33:33 Masonry
34:24 Chemistry
33:14 Heavy Cavalry Archer
34:40 Guard Tower
35:01 Yasama
35:22 Kataparuto
36:17 Ring Archer Armor
37:58 Two-Man Saw
37:48 Keep
37:09 Murder Holes
36:54 Treadmill Crane
37:56 Arrowslits
40:03 Fortified Wall
Reimalo_2
3:31 Loom
11:01 Feudal Age
15:42 Castle Age
13:43 Double-Bit Axe
14:46 Horse Collar
25:40 Heavy Plow
26:56 Caravan
30:38 Imperial Age
28:50 Wheelbarrow
28:45 Gold Mining
29:42 Hand Cart
30:53 Gold Shaft Mining
30:32 Forging
30:28 Scale Barding Armor
31:27 Conscription
30:59 Elite War Elephant
32:51 Iron Casting
33:09 Chain Barding Armor
32:55 Husbandry
34:35 Blast Furnace
35:24 Plate Barding Armor
jordham22
1:30 Loom
19:34 Feudal Age
25:37 Double-Bit Axe
27:55 Fishing Lines
33:30 Castle Age
32:26 Wheelbarrow
33:51 Stone Mining
35:11 Fletching
35:21 Padded Archer Armor
35:59 Stone Shaft Mining
35:53 Bodkin Arrow
36:21 Bow Saw
35:53 Horse Collar
36:39 Gold Mining
36:51 Heavy Plow
38:15 Hand Cart
42:48 Imperial Age
41:56 Forging
41:51 Scale Barding Armor
42:10 Husbandry
42:21 Bloodlines
43:03 Gold Shaft Mining
43:23 Heavy Hei Guang Cavalry
玉帝
12:13 Feudal Age
10:31 Loom
14:38 Horse Collar
14:57 Double-Bit Axe
19:22 Castle Age
20:28 Bow Saw
22:33 Stone Mining
24:58 Wheelbarrow
24:22 Gold Mining
25:09 Stone Shaft Mining
26:55 Heavy Plow
32:12 Imperial Age
30:26 Gold Shaft Mining
30:35 Fishing Lines
33:21 Fletching
33:32 Padded Archer Armor
34:13 Conscription
35:27 Leather Archer Armor
35:08 Bodkin Arrow
36:46 Husbandry
36:56 Bloodlines
37:14 Parthian Tactics
38:08 Bracer
38:59 Ballistics
39:40 Chemistry
ragamuffin
10:43 Feudal Age
12:02 Loom
15:15 Castle Age
13:25 Horse Collar
14:00 Double-Bit Axe
16:27 Wheelbarrow
18:26 Bow Saw
20:07 Heavy Plow
23:11 Hand Cart
25:10 Chemistry
24:32 Ballistics
29:16 Imperial Age
28:31 Padded Archer Armor
28:42 Town Watch
31:34 Two-Man Saw
31:10 Leather Archer Armor
32:17 Houfnice
33:59 Siege Engineers
35:45 Ring Archer Armor
36:20 Squires
37:16 Scale Mail Armor
37:26 Forging
36:54 Pikeman
37:37 Fletching
37:41 Halberdier
等我直帝进供给你们
10:54 Feudal Age
11:26 Double-Bit Axe
18:05 Castle Age
19:30 Bow Saw
22:29 Wheelbarrow
21:39 Horse Collar
24:46 Fishing Lines
26:38 Heavy Plow
27:19 Gillnets
29:21 Stone Mining
29:21 Gold Mining
29:21 Stone Mining
29:21 Gold Mining
30:38 Hand Cart
30:10 Loom
34:15 Imperial Age
32:07 Scale Barding Armor
32:12 Forging
32:06 Fletching
33:10 Coinage
33:40 Bloodlines
33:30 Husbandry
33:41 Grand Trunk Road
35:23 Heavy Camel Rider
36:52 Stone Shaft Mining
36:53 Gold Shaft Mining
36:53 Stone Shaft Mining
36:57 Gold Shaft Mining
37:30 Two-Man Saw
37:25 Banking
37:55 Conscription
38:16 Stone Shaft Mining
38:01 Imperial Camel Rider
39:08 Town Watch
39:28 Caravan
42:05 Chain Barding Armor
42:58 Iron Casting
44:03 Plate Barding Armor
43:24 Bodkin Arrow
Connection lost

Rejoining the realm…

Still unreachable

The connection could not be restored.

Session expired

The server has moved on; the page needs a fresh start.